 Dungeon Crawl Stone Soup version 0.29.1-1-gd02db6906a (webtiles) character file.

Game seed: 1602826238266294225

44 Sabo the Magician (level 3, -3/16 HPs)
             Began as a Spriggan Air Elementalist on Sept 25, 2022.
             Was a Follower of Qazlal.
             Killed from afar by an orc wizard (6 damage)
             ... with a magic dart
             ... on level 2 of the Dungeon.
             The game lasted 00:11:43 (1658 turns).

Sabo the Magician (Spriggan Air Elementalist)       Turns: 1658, Time: 00:11:44

Health: -3/16      AC:  2    Str:  4    XL:     3   Next: 41%
Magic:  2/9        EV: 17    Int: 18    God:    Qazlal [*.....]
Gold:   30         SH:  2    Dex: 15    Spells: 8/9 levels left

rFire   . . .      SeeInvis +   i - +0 short sword
rCold   . . .      Faith    .   (no shield)
rNeg    . . .      Spirit   .   a - +0 robe
rPois   .          Reflect  .   (helmet restricted)
rElec   .          Harm     .   (no cloak)
rCorr   .          Rampage  .   (gloves unavailable)
Will    .....                   (boots unavailable)
Stlth   ++........              (no amulet)
HPRegen 0.05/turn               (no ring)
MPRegen 0.11/turn               (no ring)

@: very quick
A: very small, no large weapons, unfitting armour, see invisible, speed 3
a: Renounce Religion


You were on level 2 of the Dungeon.
You worshipped Qazlal.
Qazlal was aware of your devotion.
You visited 1 branch of the dungeon, and saw 2 of its levels.

You collected 30 gold pieces.

Inventory:

Hand Weapons
 i - a +0 short sword (weapon)
Missiles
 d - 10 poisoned darts (quivered)
Armour
 a - a +0 robe (worn)
 f - an orb of wrath
Scrolls
 e - a scroll of torment {unknown}
 h - a scroll of identify {unknown}
Potions
 b - a potion of magic
 g - a potion of might {unknown}


   Skills:
 + Level 0.1 Maces & Flails
 + Level 2.8 Dodging
 + Level 3.1 Stealth
 + Level 3.7 Spellcasting
 + Level 0.7 Conjurations
 + Level 3.3 Air Magic


You had 8 spell levels left.
You knew the following spells:

 Your Spells              Type           Power      Damage    Failure   Level
a - Shock                 Conj/Air       40%        1d5       6%          1

Your spell library contained the following spells:

 Spells                   Type           Power      Damage    Failure   Level
 Static Discharge         Conj/Air       10%        3-5/arc   10%         2
 Swiftness                Air            15%        N/A       12%         3
 Slow                     Hex            12%        N/A       16%         1
 Airstrike                Air            7%         2d(2-18)  36%         4
 Confusing Touch          Hex            3%         N/A       41%         3
 Vampiric Draining        Necr           3%         2d6       41%         3


Dungeon Overview and Level Annotations

Branches:
Dungeon (2/15)

Altars:
Qazlal


Innate Abilities, Weirdness & Mutations

You are very small and have problems with some larger weapons.
You are too small for most types of armour.
You have supernaturally acute eyesight. (SInv)
You cover ground extremely quickly. (Speed+++)


Message History

Press: ? - help, Shift-Dir - straight line, f/p - orc wizard
Aim: an orc wizard, wielding a +2 dagger of speed and wearing a +0 robe (moderately wounded, 60% to hit)
The zap hits the orc wizard.
The orc wizard is severely wounded.
The zap hits the orc.
The orc is moderately wounded.
Casting: Shock (safe; 6% risk of failure)
Confirm with . or Enter, or press ? or * to list all spells.
Aiming: Shock (safe; 6% risk of failure)
Press: ? - help, Shift-Dir - straight line, f/p - orc wizard
Aim: an orc wizard, wielding a +2 dagger of speed and wearing a +0 robe (severely wounded, 60% to hit)
The zap misses the orc wizard.
The zap misses the orc.
The orc wizard closely misses you.
You closely miss the orc wizard.
The orc wizard is severely wounded.
The orc wizard hits you with a +2 dagger of speed.
The orc hits you with a +0 flail.
The orc wizard hits you with a +2 dagger of speed.
You hit the orc wizard.
The orc wizard is severely wounded.
The orc misses you.
An orc comes into view. It is wielding a +0 hand axe.
The orc wizard misses you.
You closely miss the orc wizard. You punch the orc wizard.
The orc wizard is almost dead.
The orc wizard hits you with a +2 dagger of speed.
The orc closely misses you.
The orc wizard hits you with a +2 dagger of speed.
* * * LOW HITPOINT WARNING * * *
You closely miss the orc wizard.
The orc wizard is almost dead.
The orc is engulfed in freezing vapours.
You kill the orc!
Qazlal accepts your kill. You block the orc wizard's attack.
The orc wizard casts a spell at you. You resist with some effort.
The orc wizard gestures at you while chanting.
The magic dart hits you.
You die...

. #.#+###
#+###.#.)...#
......#.....#
.......:....# #######
#..†..###### #......
#.....#....#####.#####
#..o..+†...+.........†
#.#o○.#....#.....#####
#....@.>............#
#...###)...###......#
#...# ###### #......#
#...# ######## #...#
#...# #...# #####


You could see an orc wizard and an orc.

Vanquished Creatures
  An adder (D:2)
  A worm (D:2)
  A dart slug (D:1)
  An orc (D:2)
  2 endoplasms (D:1)
  A giant cockroach (D:1)
  3 goblins (D:1)
  3 hobgoblins (D:1)
  2 quokkas (D:1)
  2 ball pythons
  5 bats (D:1)
  2 frilled lizards (D:1)
  2 kobolds (D:1)
  3 rats
29 creatures vanquished.

Notes
Turn   | Place    | Note
-------+----------+-------------------------------------------
     0 | D:1      | Sabo the Spriggan Air Elementalist began the quest for the
                  | Orb.
     0 | D:1      | Reached XP level 1. HP: 9/9 MP: 5/5
   334 | D:1      | Reached XP level 2. HP: 4/13 MP: 6/6
   843 | D:1      | Found a faded altar of an unknown god.
   958 | D:1      | Prayed at the altar of an unknown god.
   958 | D:1      | Became a worshipper of Qazlal Stormbringer
   958 | D:1      | Reached * piety under Qazlal
  1487 | D:2      | Reached XP level 3. HP: 16/16 MP: 1/8
  1658 | D:2      | Killed from afar by an orc wizard

Illustrated notes

Levels and vault maps discovered:
D:1:      elethiomel_arrival_quiet, layout_basic,
          hellmonk_ecumenical_altar_blasted, minmay_misc_feat_secret_circle,
          minmay_misc_feat_pillars
D:2:      layout_basic

Skill      XL: |  1  2 |
---------------+-------+-----
Air Magic      | 3 |  3.3
Spellcasting   | 3 |  3.7
Maces & Flails | |  0.1
Dodging        | |  2.8
Stealth        | |  3.1
Conjurations   | |  0.7

Action                   || total
-------------------------++-------
Melee: Whip              ||    14
       Short sword       ||     8
       Punch             ||     2
 Cast: Shock             ||    67
Armor: Robe              ||     1
Dodge: Dodged            ||    19
Block: Other             ||     1
